 Dungeon Crawl Stone Soup version 0.23-a0-207-g93a313e (webtiles) character file.

125662 Irenicus the Severer (level 16, -2/124 HPs)
             Began as a Deep Dwarf Gladiator on Sept 24, 2018.
             Was the Champion of Makhleb.
             Slain by a merfolk
             ... wielding a +2 spear of venom
              (3 damage)
             ... on level 3 of the Shoals.
             The game lasted 01:44:16 (10755 turns).

Irenicus the Severer (Deep Dwarf Gladiator)        Turns: 10755, Time: 01:44:17

Health: -2/124     AC: 30    Str: 26    XL:     16   Next: 12%
Magic:  18/18      EV:  2    Int:  5    God:    Makhleb [******]
Gold:   149        SH:  0    Dex: 22    Spells: 15/15 levels left

rFire    . . .     SeeInvis .   E - +5 broad axe "Inuxkuuxt" {chop, rC+}
rCold    + + .     Gourm    .   s - +10 large shield of Ignorance {rN+ Int-4}
rNeg     + + +     Faith    .   C - +4 chain mail of Hysteria {Str+6}
rPois    ∞         Spirit   .   B - +2 helmet "Iqatuvil" {rElec rN+}
rElec    +         Reflect  .   i - +1 cloak
rCorr    .         Harm     .   D - +1 pair of gloves {Dex+3}
MR       ++...                  (no boots)
Stlth    ..........             (no amulet)
HPRegen  0.00/turn              x - +5 ring of protection
MPRegen  0.16/turn              c - ring of protection from cold

@: lethally poisoned (-2 -> -2), petrified, non-regenerating
A: damage resistance, heal wounds, negative energy resistance 1, sense
surroundings 2, no regeneration
}: 1/15 runes: barnacled
a: Heal Wounds, Minor Destruction, Lesser Servant of Makhleb, Major Destruction,
Greater Servant of Makhleb, Renounce Religion


You were on level 3 of the Shoals.
You worshipped Makhleb.
Makhleb was exalted by your worship.
You were very hungry.

You visited 4 branches of the dungeon, and saw 23 of its levels.
You also visited: Ossuary, Bailey and Ice Cave.

You collected 1248 gold pieces.
You spent 1099 gold pieces at shops.

Inventory:

Hand Weapons
 a - a +1 war axe of electrocution
 o - a +0 whip of electrocution
 E - the +5 broad axe "Inuxkuuxt" (weapon) {chop, rC+}
   (You found it on level 6 of the Lair of Beasts)

   It inflicts extra damage upon your enemies.
   It protects you from cold.
 L - a cursed -3 hand axe
Missiles
 d - 5 throwing nets (quivered)
Armour
 i - a +1 cloak (worn)
 j - a +0 chain mail of cold resistance
 s - the +10 large shield of Ignorance (worn) {rN+ Int-4}
   (You found it in a bailey)

   It affects your intelligence (-4).
   It protects you from negative energy.
 z - the +1 ring mail of Ireucsusm {rElec Str+8 Int-2 Dex+3}
   (You found it on level 12 of the Dungeon)

   It affects your strength (+8).
   It affects your intelligence (-2).
   It affects your dexterity (+3).
   It insulates you from electricity.
 A - the +0 mask of the Dragon {MR+ Slay+3 SInv}
   (You found it on level 4 of the Shoals)

   It affects your accuracy and damage with ranged weapons and melee attacks
   (+3).
   It affects your resistance to hostile enchantments.
   It lets you see invisible.
 B - the +2 helmet "Iqatuvil" (worn) {rElec rN+}
   (You bought it in a shop on level 8 of the Dungeon)

   It insulates you from electricity.
   It protects you from negative energy.
 C - the +4 chain mail of Hysteria (worn) {Str+6}
   (You bought it in a shop on level 8 of the Dungeon)

   It affects your strength (+6).
 D - a +1 pair of gloves of dexterity (worn)
Jewellery
 c - a ring of protection from cold (right hand)
 x - a +5 ring of protection (left hand)
Wands
 b - a wand of paralysis (12)
 r - a wand of polymorph (24)
 t - a wand of flame (39)
 u - a wand of digging (21)
 J - a wand of scattershot (5)
Scrolls
 e - 8 scrolls of teleportation
 h - 9 scrolls of enchant weapon
 k - 3 scrolls of identify
 q - 4 scrolls of fog
 v - 2 scrolls of magic mapping
 y - 2 scrolls of blinking
 G - 2 scrolls of holy word
 K - a scroll of fear
Potions
 g - a potion of agility
 l - 3 potions of lignification
 m - 4 potions of curing
 n - 3 potions of heal wounds
 p - 3 potions of might
 H - a potion of haste
Miscellaneous
 w - a lightning rod (4/4)
 M - a phantom mirror
Comestibles
 f - 26 rations


   Skills:
 - Level 3.0 Fighting
 - Level 19.0 Axes
 - Level 1.7 Throwing
 + Level 12.5 Armour
 - Level 3.2 Dodging
 + Level 18.5 Shields
 - Level 10.0 Evocations


You had 15 spell levels left.
You didn't know any spells.
Your spell library was empty.

Dungeon Overview and Level Annotations

Branches:
Dungeon (12/15)            Temple (1/1) D:4            Lair (6/6) D:9
 Shoals (4/4) Lair:2       Spider (0/4) Lair:3        Slime (0/5) Lair:6
    Orc (0/2) D:9

Altars:
Ashenzari
Cheibriados
Dithmenos
Elyvilon
Fedhas
Gozag
Hepliaklqana
Kikubaaqudgha
Makhleb
Nemelex Xobeh
Okawaru
Qazlal
Ru
Sif Muna
Trog
Uskayaw
Vehumet
Wu Jian
Xom
Yredelemnul
Zin
The Shining One
Jiyva

Shops:
D:8 [   D:9 !   Shoals:1 (:!!

Annotations:
D:3 1 runed door, Scuka's ghost, weakling GrFi
Shoals:3 Polyphemus


Innate Abilities, Weirdness & Mutations

You are resistant to damage.
You can heal yourself by infusing magical energy.
You resist negative energy. (rN+)
You passively map the area around you.
You do not regenerate.


Message History

The air twists around and strikes you!
* * * LOW HITPOINT WARNING * * *
The death yak gores you!
* * * LOW HITPOINT WARNING * * *
The catoblepas breathes a plume of calcifying dust at you.
The blast of calcifying dust hits you!
The blast of calcifying dust hits the merfolk impaler.
The blast of calcifying dust hits the merfolk.
The snapping turtle bites you but does no damage.
The merfolk impaler is engulfed in calcifying dust.
The merfolk impaler is moving more slowly.
The merfolk impaler hits you but does no damage. x2
The merfolk hits you with a trident!
* * * LOW HITPOINT WARNING * * *
The manticore bites you but does no damage.
The manticore claws you but does no damage. x2
The merfolk is engulfed in calcifying dust.
The merfolk is moving more slowly.
The merfolk hits you from afar with a spear of venom!
You die...

≈≈≈≈≈≈≈≈≈m≈≈≈≈≈≈≈≈≈≈≈≈≈≈ ≈
≈≈≈
≈≈≈≈≈...≈≈≈≈≈≈≈≈≈..≈≈≈≈≈≈
≈≈≈
≈≈≈≈.##.≈≈≈.≈≈≈...≈≈≈≈≈≈
≈≈≈
≈≈≈≈.#..≈≈.(.((.≈≈≈≈≈≈≈≈ ≈
≈ ≈≈≈
≈≈≈≈≈$≈≈≈....##(≈≈≈≈≈≈≈≈ ≈
≈≈≈
≈≈≈≈≈≈≈≈≈..####..≈≈≈≈≈≈≈ ≈
≈ ≈≈≈
≈≈≈≈≈≈....###...m..≈≈≈≈≈
≈≈≈
≈≈≈≈≈......##..mmY..≈≈≈≈ ≈
≈≈≈
≈≈≈†≈>##......Hm@Yk.≈≈≈≈ ≈
≈≈
≈≈≈≈)###.......#YHm.≈≈≈≈≈≈≈
≈ ≈≈≈≈.# #≈.....###mt≈≈≈≈≈
≈≈ ≈
≈≈≈≈≈...≈≈≈≈..#**.C≈≈≈≈≈≈ ≈
≈≈ ≈≈≈≈≈≈≈≈≈≈≈≈≈≈. ..≈≈≈≈≈≈
, ≈≈≈≈≈≈≈≈≈≈≈≈≈≈. ..≈≈≈≈≈
≈, , , ≈≈≈≈≈≈≈≈≈≈≈≈ ,
*#..≈≈≈≈≈ , , ≈≈≈≈≈≈≈≈≈≈≈
..≈≈≈., , , ≈≈≈≈≈≈≈≈≈≈≈≈ ≈
,,....≈≈ * ,≈≈


You could see Polyphemus (petrified), 2 merfolk impalers, 2 death yaks, a
catoblepas, a snapping turtle, a wind drake, 3 merfolk, 2 manticores and a
merfolk siren (petrified).

Vanquished Creatures
  Gastronok (Lair:1)
  An acid blob (Lair:6)
  Roxanne (Shoals:1)
  The ghost of Inov the Destroyer, a journeyman GnCj of Kikubaaqudgha (Lair:6)
  A blizzard demon (IceCv)
  4 merfolk javelineers
  Josephine (Lair:6)
  Erolcha (D:9)
  Harold (D:7)
  Fannar (Lair:1)
  3 merfolk impalers
  4 merfolk avatars
  5 hydras
  3 catoblepae (Lair:6)
  3 merfolk aquamancers
  2 two-headed ogres (D:11)
  An alligator snapping turtle (Shoals:4)
  Erica (Lair:2)
  5 satyrs (Shoals:4)
  13 death yaks
  10 sea snakes
  Pikel (D:6)
  3 harpies (Shoals:3)
  A deep elf mage (D:12)
  An ugly thing (D:11)
  2 cyclopes (D:11)
  11 manticores
  9 fauns
  Joseph (D:7)
  12 elephants
  6 black mambas
  8 merfolk sirens
  2 ice statues (IceCv)
  10 spiny frogs
  9 water nymphs
  2 torpor snails (Lair:5)
  6 komodo dragons
  5 rime drakes
  A queen bee (Lair:5)
  14 ice devils (IceCv)
  3 meliai (Lair:5)
  7 jumping spiders (Lair:3)
  22 merfolk
  A polar bear (Lair:6)
  2 trolls
  4 wind drakes
  18 blink frogs
  5 dream sheep (Lair:5)
  13 hippogriffs
  5 snapping turtles
  11 water elementals
  4 redbacks (Lair:3)
  6 wyverns
  52 yaks
  3 wraiths (Lair:6)
  3 basilisks
  A vampire (D:10)
  A fire elemental (Lair:4)
  A hungry ghost (D:9)
  2 wargs (D:9)
  Menkaure (D:6)
  A soldier ant (D:12)
  6 porcupines
  8 water moccasins
  An ice beast (D:10)
  7 orc warriors
  A black bear (Lair:1)
  A sky beast (D:10)
  2 ogres
  A wolf (Lair:6)
  2 eyes of draining
  A phantom (D:10)
  2 centaurs (D:9)
  8 crocodiles
  11 bullfrogs
  A big kobold (D:12)
  4 scorpions
  34 killer bees
  4 howler monkeys
  An electric eel (Lair:6)
  6 crimson imps
  3 bullfrog zombies
  3 centaur zombies (Ossuary)
  2 lava snakes (D:9)
  5 hounds
  4 jellies
  A bullfrog skeleton (D:11)
  12 orc priests
  2 centaur skeletons
  2 iguanas
  13 orc wizards
  10 worker ants
  2 ogre zombies (Ossuary)
  7 mummies
  A worker ant zombie (D:6)
  Robin (D:4)
  9 adders
  A river rat (Lair:5)
  2 shadow imps
  8 white imps (IceCv)
  6 ufetubi (IceCv)
  2 adder zombies (Ossuary)
  2 adder skeletons
  A worm (D:2)
  2 dart slugs
  3 leopard geckos
  49 orcs
  3 bats
  5 giant cockroaches
  16 goblins
  17 hobgoblins
  14 jackals
  5 quokkas
  4 frilled lizards
  A goblin zombie (Ossuary)
  A hobgoblin zombie (Ossuary)
  19 kobolds
  A kobold zombie (Ossuary)
  A leopard gecko zombie (D:5)
  2 orc zombies (D:4)
  2 quokka zombies (Ossuary)
  8 rats
  2 rat zombies (Ossuary)
  A fungus (Lair:3)
  16 plants
705 creatures vanquished.

Vanquished Creatures (others)
  An orc wizard (D:6)
  A white imp (IceCv)
  2 ufetubi (IceCv)
  A giant cockroach (D:2)
  A rat (D:2)
  9 fungi
  29 plants
  2 withered plants (D:3)
46 creatures vanquished.

Grand Total: 751 creatures vanquished

Notes
Turn   | Place    | Note
-------+----------+-------------------------------------------
     0 | D:1      | Irenicus the Deep Dwarf Gladiator began the quest for the
                  | Orb.
     0 | D:1      | Reached XP level 1. HP: 19/19 MP: 1/1
    41 | D:2      | Reached skill level 4 in Axes
    41 | D:2      | Reached XP level 2. HP: 26/26 MP: 2/2
   349 | D:1      | Reached XP level 3. HP: 19/32 MP: 3/3
   469 | D:1      | Reached skill level 5 in Axes
   647 | D:2      | Reached XP level 4. HP: 11/39 MP: 4/4
   692 | D:2      | Found a radiant altar of Vehumet.
   742 | D:3      | Found a runed door.
   744 | D:3      | Noticed Scuka's ghost (weakling GrFi)
   891 | D:4      | Noticed Robin
   906 | D:4      | Killed Robin
   906 | D:4      | Reached skill level 6 in Axes
   939 | D:4      | Found a sand-covered staircase.
   947 | Ossuary  | Entered an ossuary
   967 | Ossuary  | Reached XP level 5. HP: 36/45 MP: 5/5
  1092 | Ossuary  | Reached skill level 7 in Axes
  1134 | Ossuary  | Reached XP level 6. HP: 43/52 MP: 5/5
  1173 | Ossuary  | Reached skill level 8 in Axes
  1364 | D:4      | Reached XP level 7. HP: 19/58 MP: 6/6
  1419 | D:4      | Found a staircase to the Ecumenical Temple.
  1426 | Temple   | Entered the Ecumenical Temple
  1594 | D:5      | Entered Level 5 of the Dungeon
  1618 | D:5      | Reached skill level 9 in Axes
  1901 | D:3      | Found a burning altar of Makhleb.
  1905 | D:3      | Became a worshipper of Makhleb the Destroyer
  1909 | D:3      | Found a glowing golden altar of the Shining One.
  1912 | D:3      | Found a sparkling altar of Nemelex Xobeh.
  2200 | D:5      | Reached skill level 10 in Axes
  2340 | D:6      | Noticed Pikel
  2355 | D:6      | Killed Pikel
  2355 | D:6      | Reached skill level 11 in Axes
  2355 | D:6      | Reached XP level 8. HP: 52/66 MP: 7/7
  2470 | D:6      | Reached * piety under Makhleb
  2470 | D:6      | Reached skill level 12 in Axes
  2575 | D:6      | Noticed Menkaure
  2593 | D:6      | Killed Menkaure
  2812 | D:7      | Found a sparkling altar of Nemelex Xobeh.
  2813 | D:7      | Noticed Joseph
  2833 | D:7      | Killed Joseph
  2833 | D:7      | Reached skill level 13 in Axes
  2833 | D:7      | Gained mutation: You passively map the area around you.
                  | [Deep Dwarf growth]
  2833 | D:7      | Reached XP level 9. HP: 35/73 MP: 8/8
  2914 | D:7      | Found an opulent altar of Gozag.
  3069 | D:7      | Noticed Harold
  3096 | D:7      | Killed Harold
  3096 | D:7      | Reached skill level 14 in Axes
  3257 | D:8      | Reached ** piety under Makhleb
  3304 | D:8      | Reached skill level 15 in Axes
  3417 | D:8      | Found a shattered altar of Ashenzari.
  3469 | D:8      | Found Teiwoat's Antique Armour Shop.
  3477 | D:8      | Bought a pitted helmet for 247 gold pieces
  3487 | D:8      | Identified the +2 helmet "Iqatuvil" {rElec rN+} (You bought
                  | it in a shop on level 8 of the Dungeon)
  3562 | D:9      | Reached XP level 10. HP: 44/80 MP: 8/8
  3686 | D:9      | Found a staircase to the Orcish Mines.
  3770 | D:9      | Found Agorchuo's Distillery.
  3790 | D:9      | Reached *** piety under Makhleb
  3812 | D:9      | Noticed Erolcha
  3841 | D:9      | Reached skill level 16 in Axes
  3844 | D:9      | Killed Erolcha
  3957 | D:9      | Found a staircase to the Lair.
  3988 | D:10     | Entered Level 10 of the Dungeon
  4043 | D:10     | Reached skill level 17 in Axes
  4062 | D:10     | Reached skill level 1 in Armour
  4063 | D:10     | Reached XP level 11. HP: 47/90 MP: 1/6
  4464 | D:11     | Noticed a cyan ugly thing
  4467 | D:11     | Reached **** piety under Makhleb
  4503 | D:11     | Killed a cyan ugly thing
  4538 | D:11     | Noticed a seven-headed hydra
  4544 | D:11     | Noticed a two-headed ogre
  4654 | D:10     | Reached skill level 5 in Armour
  4692 | D:11     | Found a flagged portal.
  4851 | D:11     | Killed a two-headed ogre
  4894 | Bailey   | Entered a bailey
  4932 | Bailey   | Found the +10 large shield of Ignorance {rN+ Int-4}
  4964 | Bailey   | Found a bloodstained altar of Trog.
  4988 | Bailey   | Reached skill level 1 in Shields
  5101 | D:11     | Noticed a two-headed ogre
  5113 | D:11     | Killed a two-headed ogre
  5201 | D:11     | Reached skill level 5 in Shields
  5228 | D:11     | Reached ***** piety under Makhleb
  5316 | D:11     | Killed a seven-headed hydra
  5356 | D:12     | Reached skill level 1 in Evocations
  5465 | D:12     | Noticed a deep elf mage
  5483 | D:12     | Killed a deep elf mage
  5483 | D:12     | Reached XP level 12. HP: 32/97 MP: 7/9
  5522 | D:12     | Identified the +1 ring mail of Ireucsusm {rElec Str+8 Int-2
                  | Dex+3} (You found it on level 12 of the Dungeon)
  5589 | D:12     | Lost intelligence.
  5974 | D:8      | Bought a translucent chain mail for 247 gold pieces
  5974 | D:8      | Bought a pair of embroidered gloves for 195 gold pieces
  5996 | D:8      | Identified the +4 chain mail of Hysteria {Str+6} (You
                  | bought it in a shop on level 8 of the Dungeon)
  6040 | Lair:1   | Entered Level 1 of the Lair of Beasts
  6123 | Lair:1   | Reached skill level 5 in Evocations
  6161 | Lair:1   | Noticed Fannar
  6188 | Lair:1   | Killed Fannar
  6358 | Lair:1   | Noticed Gastronok
  6401 | Lair:1   | Killed Gastronok
  6401 | Lair:1   | Reached skill level 10 in Shields
  6614 | Lair:3   | You fall through a shaft for 3 floors!
  6614 | Lair:6   | Entered Level 6 of the Lair of Beasts
  6617 | Lair:6   | Noticed a six-headed hydra
  6639 | Lair:6   | Noticed a death yak
  6643 | Lair:6   | Noticed a death yak
  6643 | Lair:6   | Noticed a death yak
  6645 | Lair:6   | Noticed a death yak
  6651 | Lair:6   | Killed a six-headed hydra
  6664 | Lair:6   | Killed a death yak
  6665 | Lair:6   | Killed a death yak
  6670 | Lair:6   | Reached skill level 10 in Evocations
  6673 | Lair:6   | Killed a death yak
  6673 | Lair:6   | Reached XP level 13. HP: 103/103 MP: 15/15
  6750 | Lair:6   | Noticed Josephine
  6770 | Lair:6   | Killed Josephine
  7015 | Lair:6   | Reached ****** piety under Makhleb
  7096 | Lair:6   | Got a faintly glowing broad axe
  7098 | Lair:6   | Identified the +5 broad axe "Inuxkuuxt" {chop, rC+} (You
                  | found it on level 6 of the Lair of Beasts)
  7213 | Lair:6   | Found a runed door.
  7213 | Lair:6   | Found a viscous altar of Jiyva.
  7214 | Lair:6   | Noticed an acid blob
  7219 | Lair:6   | Found a staircase to the Slime Pits.
  7232 | Lair:6   | Killed an acid blob
  7282 | Lair:6   | Found a transporter.
  7286 | Lair:6   | Found a transporter.
  7286 | Lair:6   | Noticed Inov's ghost (journeyman GnCj)
  7371 | Lair:6   | Reached skill level 15 in Shields
  7392 | Lair:6   | Killed Inov's ghost
  7392 | Lair:6   | Gained mutation: You resist negative energy. (rN+) [Deep
                  | Dwarf growth]
  7392 | Lair:6   | Reached XP level 14. HP: 100/111 MP: 16/16
  7611 | Lair:5   | Reached skill level 18 in Axes
  8526 | Lair:3   | Reached skill level 19 in Axes
  8551 | Lair:3   | Found a hole to the Spider Nest.
  8815 | Lair:2   | Noticed Erica
  8816 | Lair:2   | Found a staircase to the Shoals.
  8832 | Lair:2   | Killed Erica
  8843 | Shoals:1 | Entered Level 1 of the Shoals
  8843 | Shoals:1 | Found Qoinorea's Book Shoppe.
  8852 | Shoals:1 | Noticed Roxanne
  8871 | Shoals:1 | Found a runed door.
  8916 | Shoals:1 | Killed Roxanne
  8970 | Shoals:1 | Found Wublil's Distillery.
  9012 | Shoals:1 | Reached XP level 15. HP: 65/117 MP: 17/17
  9020 | Shoals:1 | Bought a potion of heal wounds for 75 gold pieces
  9020 | Shoals:1 | Bought a potion of might for 60 gold pieces
  9020 | Shoals:1 | Bought a potion of heal wounds for 75 gold pieces
  9020 | Shoals:1 | Bought a potion of might for 60 gold pieces
  9020 | Shoals:1 | Bought a potion of heal wounds for 75 gold pieces
  9075 | Shoals:1 | Found Ublitsol's Distillery.
  9083 | Shoals:1 | Bought a potion of heal wounds for 65 gold pieces
  9103 | Shoals:1 | Found Azea's Antique Weapon Boutique.
  9668 | Shoals:3 | Reached skill level 10 in Armour
  9682 | Shoals:4 | Entered Level 4 of the Shoals
  9791 | Shoals:4 | Found a frozen archway.
  9915 | IceCv    | Entered an ice cave
 10382 | Shoals:4 | Got a barnacled rune of Zot
 10435 | Shoals:4 | Found the +0 mask of the Dragon {MR+ Slay+3 SInv}
 10576 | Shoals:4 | Reached XP level 16. HP: 110/124 MP: 18/18
 10739 | Shoals:3 | Noticed Polyphemus
 10755 | Shoals:3 | HP: 6/124 [wind drake/the air (2)]
 10755 | Shoals:3 | HP: 1/124 [merfolk/trident (3)]
 10755 | Shoals:3 | Slain by a merfolk

Vault maps used:
D:1:      saegor_arrival_simple_b
D:2:      cheibrodos_greedy_goblins, fiery_altar_vehumet, first_ration
D:3:      grunt_temple_overflow_diamond, gammafunk_ghost_grave,
          nrook_mini_backslash
D:4:      minmay_temple_entry_butterflies, nicolae_ossuary_entry_giza,
          serial_bayou_pond_b, uniq_robin
D:6:      kennysheep_slug_shrine, uniq_menkaure, uniq_pikel
D:7:      old_standard_altar, basic_altar, uniq_joseph, uniq_harold
D:8:      nicolae_overflow_crystal_walls, serial_shops, shop
D:9:      erik_lair_orcish_takeover, hiddenorc1_lemuel, serial_shops, shop,
          uniq_erolcha
D:11:     enter_bailey_8
D:12:     blue_anna_alchemist
Temple:   nicolae_temple_elliptical
Lair:1:   uniq_gastronok, uniq_fannar
Lair:2:   minmay_shoals_entry_beasts, uniq_erica
Lair:3:   nicolae_spider_entry_tight_spaces, grunt_megastairs_5
Lair:4:   lemuel_fruit_tree, grunt_megastairs_4
Lair:5:   regret_index_wax_grids
Lair:6:   evilmike_catoblepas_cave, slime_altar_2, gammafunk_ghost_arena,
          infiniplex_staircase_pool, uniq_josephine
Shoals:1: serial_shops, nicolae_shop_competitors_out_of_business, shop, shop,
          shop_statue, nicolae_shop_crystal, lightli_airlock, uniq_roxanne
Shoals:3: uniq_polyphemus
Shoals:4: shoals_end_grunt_garden, portal_ice_cave_entry_pillars_four
Ossuary:  ossuary_boxes_badplayer
Bailey:   bailey_axe_3, bailey
IceCv:    ice_cave_small_demon

Skill      XL: |  1  2  3  4  5  6  7  8  9 10 11 12 13 14 15 |
---------------+----------------------------------------------+-----
Axes           | 4 5 6 7 8 11 13 15 17 19 | 19.0
Fighting       | 3 |  3.0
Armour         | 1 6 8 12 | 12.5
Shields        | 8 11 15 16 18 | 18.5
Evocations     | 3 10 | 10.0
Throwing       | |  1.7
Dodging        | |  3.2

Action                   |  1- 3 |  4- 6 |  7- 9 | 10-12 | 13-15 | 16-18 || total
-------------------------+-------+-------+-------+-------+-------+-------++-------
Melee: War axe           |    86 |   198 |   162 |   799 |   241 |       ||  1486
       Whip              |       |       |   172 |       |     6 |       ||   178
       Broad axe         |       |       |       |       |  1082 |    78 ||  1160
Throw: Throwing net      |     1 |     3 |       |     6 |     5 |       ||    15
       Tomahawk          |       |       |       |     5 |       |       ||     5
Invok: Minor Destruction |       |       |       |     1 |       |       ||     1
 Abil: Heal Wounds       |       |     2 |    11 |     9 |     2 |       ||    24
Evoke: Wand              |       |       |       |    12 |    56 |       ||    68
       Lightning rod     |       |       |       |     8 |    15 |     1 ||    24
  Use: Scroll            |     3 |     6 |     9 |     8 |    16 |       ||    42
       Potion            |     2 |     3 |     8 |     7 |     2 |     3 ||    25
 Stab: Sleeping          |     1 |       |       |       |       |       ||     1
       Held in net/web   |       |     6 |       |       |     1 |       ||     7
       Invisible         |       |       |       |     2 |       |       ||     2
       Petrified         |       |       |       |       |    19 |       ||    19
       Petrifying        |       |       |       |       |     2 |       ||     2
  Eat: Chunk             |       |     2 |     3 |     6 |     8 |       ||    19
       Ration            |       |       |     1 |     3 |     2 |       ||     6
Armor: Leather armour    |    17 |       |       |       |       |       ||    17
       Chain mail        |    29 |    97 |   186 |   217 |   343 |    86 ||   958
       Skin              |       |       |    18 |   123 |    10 |       ||   151
Dodge: Dodged            |    60 |    77 |   154 |   157 |   206 |    22 ||   676
Block: Large shield      |       |       |       |   495 |  1761 |   109 ||  2365

Table legend:
 A = Non-vault XP
 B = Vault XP
 C = Vault XP percentage of total XP
 D = Non-vault monster count
 E = Vault monster count
 F = Vault count percentage of total count
                 A         B        C        D         E       F
            +---------+---------+-------+---------+---------+-------
      Total |   90970 |   69976 |  43.5 |     423 |     266 |  38.6
            +---------+---------+-------+---------+---------+-------
        D:1 |      42 |       0 |   0.0 |      25 |       0 |   0.0
        D:2 |      39 |      20 |  33.9 |       8 |      10 |  55.6
        D:3 |      50 |       0 |   0.0 |      20 |       0 |   0.0
        D:4 |     160 |     137 |  46.1 |       9 |      17 |  65.4
        D:5 |     396 |       0 |   0.0 |      15 |       0 |   0.0
        D:6 |     642 |     835 |  56.5 |      23 |       2 |   8.0
        D:7 |     369 |    1514 |  80.4 |      10 |       2 |  16.7
        D:8 |     935 |       0 |   0.0 |      18 |       0 |   0.0
        D:9 |    1318 |    1928 |  59.4 |      18 |      27 |  60.0
       D:10 |    3799 |       0 |   0.0 |      35 |       0 |   0.0
       D:11 |    7462 |       0 |   0.0 |      37 |       0 |   0.0
       D:12 |    2661 |      91 |   3.3 |      18 |       1 |   5.3
     Lair:1 |    3841 |    3409 |  47.0 |      17 |       2 |  10.5
     Lair:2 |    1299 |    1644 |  55.9 |       6 |       3 |  33.3
     Lair:3 |    7165 |    3320 |  31.7 |      21 |      13 |  38.2
     Lair:4 |    2893 |     143 |   4.7 |      11 |       1 |   8.3
     Lair:5 |    7417 |    8902 |  54.5 |      21 |      50 |  70.4
     Lair:6 |   14276 |   17998 |  55.8 |      36 |      35 |  49.3
   Shoals:1 |    8615 |    6252 |  42.1 |      18 |      11 |  37.9
   Shoals:2 |    6178 |       0 |   0.0 |      11 |       0 |   0.0
   Shoals:3 |    8064 |       0 |   0.0 |      18 |       0 |   0.0
   Shoals:4 |   13349 |   16310 |  55.0 |      28 |      25 |  47.2
    Ossuary |       0 |     320 | 100.0 |       0 |      20 | 100.0
     Bailey |       0 |     421 | 100.0 |       0 |      16 | 100.0
      IceCv |       0 |    6732 | 100.0 |       0 |      31 | 100.0
            +---------+---------+-------+---------+---------+-------
